 Dungeon Crawl Stone Soup version 0.31-a0-845-g9abc20d24f (webtiles) character file.

Game seed: 6889401176864568690

850 Felidwithnofelid the Digger (level 8, 0/44 HPs)
             Began as a Gargoyle Earth Elementalist on Sept 30, 2023.
             Killed by divine providence
             ... invoked by an orc priest
              (16 damage)
             ... on level 5 of the Dungeon on Oct 1, 2023.
             The game lasted 00:13:31 (5650 turns).

Felidwithnofelid the Digger (GrEE)                  Turns: 5650, Time: 00:13:31

Health: 0/44       AC: 12    Str: 11    XL:     8   Next: 1%
Magic:  2/15       EV: 11    Int: 19    God:
Gold:   328        SH:  0    Dex: 10    Spells: 12/16 levels left

rFire   . . .        w - +10 hammer of Kouxorph {elec, rElec}
rCold   . . .        (no shield)
rNeg    + . .        a - +0 robe
rPois   ∞            t - +0 helmet
rElec   +            d - +2 cloak
rCorr   .            (no gloves)
SInv    .            r - +0 pair of boots
Will    .....        (no amulet)
Stlth   ++           (no ring)
HPRegen 0.27/turn    (no ring)
MPRegen 0.14/turn

%: no passive effects
@: no status effects
A: sickness immunity, AC +5, negative energy resistance 1, electricity
resistance, torment resistance 1, petrification resistance
a: no special abilities


You were on level 5 of the Dungeon.
You visited 1 branch of the dungeon, and saw 5 of its levels.
You also visited: Sewer.

You collected 328 gold pieces.

Inventory:

Hand Weapons
 w - the +10 hammer of Kouxorph (weapon) {elec, rElec}
   (You found it on level 4 of the Dungeon)

   rElec:     It insulates you from electricity.
Armour
 a - a +0 robe (worn)
 d - a +2 cloak (worn)
 r - a +0 pair of boots (worn)
 t - a +0 helmet (worn)
Jewellery
 e - a ring of ice
 k - an amulet of faith
Scrolls
 f - a scroll of immolation
 h - 2 scrolls of identify
 m - 2 scrolls of poison
 n - a scroll of vulnerability
 o - a scroll of teleportation {unknown}
 p - 3 scrolls of fear {unknown}
 q - a scroll of enchant weapon {unknown}
 s - a scroll of fog {unknown}
 v - a scroll of brand weapon {unknown}
Potions
 b - a potion of magic
 c - 4 potions of curing
 g - a potion of lignification
 i - a potion of might {unknown}
 j - a potion of brilliance {unknown}
 l - a potion of degeneration {unknown}
 u - a potion of berserk rage {unknown}


   Skills:
 - Level 2.0 Fighting
 - Level 1.5 Dodging
 - Level 2.1 Stealth
 + Level 4.8 Spellcasting
 - Level 6.0 Conjurations
 - Level 0.7 Transmutations
 - Level 6.0 Earth Magic


You had 12 spell levels left.
You knew the following spells:

 Your Spells              Type           Power      Damage    Failure   Level
a - Sandblast             Erth           54%        2d13      1%          1
b - Stone Arrow           Conj/Erth      54%        3d10      3%          3

Your spell library contained the following spells:

 Spells                   Type           Power      Damage    Failure   Level
 Passwall                 Tmut/Erth      14%        N/A       4%          2
 Momentum Strike          Conj/Tloc      32%        3d8       5%          2
 Brom's Barrelling Bould  Conj/Erth      27%        2d5       11%         4
 Blink                    Tloc           8%         N/A       19%         2
 Lesser Beckoning         Tloc           8%         N/A       19%         2
 Lee's Rapid Deconstruct  Erth           13%        3d9*      30%         5
 Petrify                  Tmut/Erth      17%        N/A       32%         4
 Leda's Liquefaction      Hex/Erth       8%         N/A       36%         4
 Manifold Assault         Tloc           4%         N/A       77%         4
 Bombard                  Conj/Erth      13%        9d3       86%         6


Dungeon Overview and Level Annotations

Branches:
Dungeon (5/15)              Sewer (visited)
 Temple: D:4-7

Altars:
Cheibriados
Wu Jian
Xom


Innate Abilities, Weirdness & Mutations

You are immune to sickness and miasma.
Your stone body is resilient. (AC +5)
You are immune to poison.
You resist negative energy. (rN+)
You are resistant to electric shocks. (rElec)
You are resistant to unholy torment.
You are immune to petrification.


Message History

You now have 328 gold pieces (gained 11).
An ufetubus comes into view.
The stone arrow hits the ufetubus!!
You kill the ufetubus!
Training target 6.0 for Conjurations reached!
Your Conjurations skill increases to level 6!
Found a stone staircase leading up.
An orc wizard and an orc come into view.
The orc shouts!
An orc priest comes into view. It is wielding a +0 whip.
You start waiting.
An orc wizard is nearby!
The stone arrow misses the orc wizard.
The orc wizard shouts!
The stone arrow hits the orc wizard!
The orc wizard is almost dead.
You hear a shout!
You miscast Stone Arrow.
You are very lightly contaminated with residual magic.
Nothing appears to happen.
The orc wizard misses you.
The stone arrow hits the orc wizard!!
You kill the orc wizard!
You have reached level 8!
You feel clever. The orc attacks as it pursues you!
The orc hits you but does no damage. The orc attacks as it pursues you!
The orc hits you but does no damage.
Your magical contamination has completely faded away.
The orc attacks as it pursues you! The orc hits you but does no damage.
The orc priest miscasts a cantrip.
The orc attacks as it pursues you! The orc closely misses you.
The orc attacks as it pursues you! The orc hits you but does no damage.
The stone arrow hits the orc!!
You kill the orc!
The orc priest mumbles some strange prayers to Beogh against you.
Beogh smites you!
The orc priest calls down the wrath of Beogh upon you.
Beogh smites you!
The orc priest mumbles some strange prayers to Beogh against you.
Beogh smites you!
You die...

≈≈........# #.# #.#
..........####.############.##
..._..##.....#.#.o).o........#
♣.....##..##...#.#############
♣.........##.#.#.#
...≈≈....##..#.#.#
...≈≈....#..##.#.#
...........###.#.#
#.....###.## #.#@#############
###.##....# #...............#
#....#### ###.##########.##
###### #.###### #.# #......#
#.# ######.# #.# #.# #.# #.#
#.# #.#####.##


You could see an orc priest.

Vanquished Creatures
  Duvessa (D:5)
  A water moccasin (Sewer)
  A phantom (D:4)
  A bullfrog (D:5)
  Dowan (D:5)
  A hound (D:4)
  A gnoll bouda (D:4)
  A jelly (D:5)
  Crazy Yiuf (D:4)
  2 sleepcaps
  3 orc wizards (D:5)
  4 gnolls
  2 river rats (D:4)
  4 adders
  An ufetubus (D:5)
  A worm (D:4)
  5 dart slugs
  10 orcs
  9 ball pythons
  A bat (D:2)
  7 endoplasms
  5 giant cockroaches
  6 goblins
  5 hobgoblins
  8 jackals
  4 kobolds
  6 quokkas
  10 rats
102 creatures vanquished.

Notes
Turn   | Place    | Note
-------+----------+-------------------------------------------
     0 | D:1      | Felidwithnofelid the Gargoyle Earth Elementalist began the
                  | quest for the Orb.
     0 | D:1      | Reached XP level 1. HP: 10/10 MP: 3/3
   230 | D:1      | Reached XP level 2. HP: 15/15 MP: 3/5
   726 | D:1      | Reached skill level 5 in Earth Magic
   726 | D:1      | Reached XP level 3. HP: 19/19 MP: 4/6
  1394 | D:2      | Learned a level 3 spell: Stone Arrow
  2268 | D:3      | Reached skill level 1 in Conjurations
  2268 | D:3      | Reached XP level 4. HP: 24/24 MP: 4/7
  2897 | D:4      | Upgraded the game from 0.31-a0-844-gdc52ec4e09 to
                  | 0.31-a0-845-g9abc20d24f
  3107 | D:4      | Reached XP level 5. HP: 28/28 MP: 7/9
  3334 | D:4      | Found a glowing drain.
  3369 | Sewer    | Entered a sewer
  3461 | Sewer    | Noticed a water moccasin
  3469 | Sewer    | Killed a water moccasin
  3470 | Sewer    | Reached XP level 6. HP: 13/32 MP: 4/10
  3957 | D:4      | Reached skill level 1 in Fighting
  4015 | D:4      | Found a snail-covered altar of Cheibriados.
  4064 | D:4      | Reached XP level 7. HP: 18/39 MP: 7/12
  4574 | D:4      | Identified the +10 hammer of Kouxorph {elec, rElec}
  4581 | D:4      | Found a runed translucent door.
  4582 | D:4      | Noticed Crazy Yiuf
  4706 | D:4      | Killed Crazy Yiuf
  4825 | D:5      | Entered Level 5 of the Dungeon
  4825 | D:5      | Noticed Dowan
  4826 | D:5      | Noticed Duvessa
  4831 | D:5      | Killed Dowan
  4848 | D:5      | HP: 2/40 [Duvessa/+0 short sword (5)]
  4849 | D:5      | Killed Duvessa
  4850 | D:5      | Reached skill level 5 in Conjurations
  5322 | D:5      | Found a shimmering altar of Xom.
  5422 | D:5      | Found an ornate altar of the Wu Jian Council.
  5631 | D:5      | Reached XP level 8. HP: 44/44 MP: 2/15
  5650 | D:5      | Killed from afar by an orc priest

Illustrated notes

Levels and vault maps discovered:
D:1:      amcnicky_arrival_flooded_fountain, layout_basic
D:2:      layout_basic
D:3:      layout_basic
D:4:      layout_basic, kennysheep_slug_shrine, gup_sewer_entry_bubbles,
          grunt_decor_clamped, roderic_malta_cross, uniq_crazy_yiuf_cottage,
          uniq_blork_the_orc
D:5:      layout_basic, nicolae_overflow_crystal_walls,
          nicolae_wu_jian_wuxing_cycle, mainiacjoe_overflow_divided_tiny,
          minmay_circle_x, uniq_duvessa

Skill      XL: |  1  2  3  4  5  6  7 |
---------------+----------------------+-----
Earth Magic    | 4 5 6 |  6.0
Conjurations   | 1 3 4 6 |  6.0
Spellcasting   | 3 4 |  4.8
Fighting       | 1 2 |  2.0
Dodging        | |  1.5
Stealth        | |  2.1
Transmutations | |  0.7

Action                     |  1- 3 |  4- 6 |  7- 9 || total
---------------------------+-------+-------+-------++-------
  Melee: Mace              |       |       |     5 ||     5
   Cast: Sandblast         |    52 |    80 |    14 ||   146
         Stone Arrow       |       |       |    25 ||    25
    Use: Scroll            |       |     5 |       ||     5
 Armour: Robe              |     4 |    36 |    18 ||    58
  Dodge: Dodged            |     9 |    31 |     6 ||    46

Table legend: (Time is in decaauts)
 A = Elapsed time spent in this place.
 B = Non-inter-level travel time spent in this place.
 C = Inter-level travel time spent in this place.
 D = Time resting spent in this place.
 E = Time spent auto-exploring this place.
 F = Levels seen in this place.
 G = Mean time per level.
                   A        B        C        D        E       F      G
               +--------+--------+--------+--------+--------+-----+--------+
         Total |   5775 |   5523 |    252 |    253 |   4491 |   6 |  962.5 |
       Dungeon |   5501 |   5249 |    252 |    253 |   4301 |   5 | 1100.2 |
         Sewer |    274 |    274 |      0 |      0 |    190 |   1 |  274.0 |
               +--------+--------+--------+--------+--------+-----+--------+

Top non-repeatable levels by time:
     D:4: 1667 daAuts
     D:1: 1374 daAuts
     D:3: 959 daAuts
     D:5: 773 daAuts
     D:2: 726 daAuts
   Sewer: 274 daAuts
